BSA
PLYMOUTH ROCKS @ IRVINE GANG GREEN
06/16/2025
 
TOP OF THE 1ST
Plymouth Rocks batting - Pitching for Irvine Gang Green : LHP Masutaro Koyama
Pitching: LHP Masutaro Koyama
Batting: RHB Anthony Rucker 0-0: Called Strike
0-1: Called Strike
0-2: Foul Ball, location: 2F
0-2: Strikes out swinging
Batting: RHB Tadakuni Sugiyama 0-0: Called Strike
0-1: Called Strike
0-2: Ground out 4-3 (Groundball, 4)
Batting: LHB Roy Patrick 0-0: Ball
1-0: Ball
2-0: Ball
3-0: Called Strike
3-1: Called Strike
3-2: Strikes out swinging
Top of the 1st over - 0 run(s), 0 hit(s), 0 error(s), 0 left on base; Plymouth 0 - Irvine 0
BOTTOM OF THE 1ST
Irvine Gang Green batting - Pitching for Plymouth Rocks : LHP Thomas Heath
Pitching: LHP Thomas Heath
Batting: LHB Tony Tavárez 0-0: SINGLE (Groundball, 6M)
Batting: LHB Bill Murphy 0-0: Ball
1-0: Ball
2-0: Foul Ball, location: 2F
2-1: SINGLE (Line Drive, 4D)
Tony Tavárez to second
Runner from 2nd tries for 3rd, SAFE, no throw or cutoff
Batting: LHB Jesús Campos 0-0: Ball
1-0: Called Strike
1-1: Called Strike
1-2: Ball
2-2: Strikes out swinging
Batting: RHB Manny Copriviza 0-0: Swinging Strike
0-1: Called Strike
0-2: Ball
1-2: Ground out 5-3 (Groundball, 56S)
Tony Tavárez scores
Bill Murphy to second
Batting: LHB Tom Baker 0-0: Ball
1-0: Ball
2-0: Ball
3-0: Foul Ball, location: 2F
3-1: Ground out 4-3 (Groundball, 4)
Bottom of the 1st over - 1 run(s), 2 hit(s), 0 error(s), 1 left on base; Plymouth 0 - Irvine 1
TOP OF THE 2ND
Plymouth Rocks batting - Pitching for Irvine Gang Green : LHP Masutaro Koyama
Batting: RHB José Flores 0-0: Ball
1-0: Ground out 5-3 (Groundball, 5)
Batting: RHB Jorge Jiménez 0-0: Called Strike
0-1: Ball
1-1: Foul Ball, location: 2F
1-2: Strikes out swinging
Batting: RHB Jorge Márquez 0-0: Called Strike
0-1: Ground out 6-3 (Groundball, 6MS)
Top of the 2nd over - 0 run(s), 0 hit(s), 0 error(s), 0 left on base; Plymouth 0 - Irvine 1
BOTTOM OF THE 2ND
Irvine Gang Green batting - Pitching for Plymouth Rocks : LHP Thomas Heath
Batting: LHB Leonardo Medina 0-0: Called Strike
0-1: Ball
1-1: Ball
2-1: Fly out, F8 (Popup, 6MD)
Batting: RHB Oliver Hernández 0-0: Fly out, F7 (Flyball, 78M)
Batting: RHB Raúl Salas 0-0: Ball
1-0: Foul Ball, location: 2F
1-1: Ball
2-1: SINGLE (Groundball, 56)
Batting: RHB Aaron Wilson 0-0: Called Strike
0-1: Ball
1-1: SINGLE (Groundball, 4MD)
Raúl Salas to second
Batting: LHB Tony Tavárez 0-0: Called Strike
0-1: Ground out U3 (Groundball, 3)
Bottom of the 2nd over - 0 run(s), 2 hit(s), 0 error(s), 2 left on base; Plymouth 0 - Irvine 1
TOP OF THE 3RD
Plymouth Rocks batting - Pitching for Irvine Gang Green : LHP Masutaro Koyama
Batting: RHB Frederico Hernández 0-0: Called Strike
0-1: Ball
1-1: TRIPLE (Line Drive, 89D)
Batting: LHB Frank Geddes 0-0: Called Strike
0-1: Ball
1-1: Swinging Strike
1-2: Foul Ball, location: 2F
1-2: Strikes out swinging
Batting: RHB Max Jones 0-0: Called Strike
0-1: Foul Ball, location: 2F
0-2: Ball
1-2: Ball
2-2: Fly out, F3 (Popup, 3F)
Batting: RHB Anthony Rucker 0-0: Called Strike
0-1: Swinging Strike
0-2: Ball
1-2: Strikes out swinging
Top of the 3rd over - 0 run(s), 1 hit(s), 0 error(s), 1 left on base; Plymouth 0 - Irvine 1
BOTTOM OF THE 3RD
Irvine Gang Green batting - Pitching for Plymouth Rocks : LHP Thomas Heath
Batting: LHB Bill Murphy 0-0: Ball
1-0: Foul Ball, location: 2F
1-1: Ground out 1-3 (Groundball, 15S)
Batting: LHB Jesús Campos 0-0: Ball
1-0: Called Strike
1-1: Foul Ball, location: 2F
1-2: SINGLE (Groundball, 34D)
Batting: RHB Manny Copriviza 0-0: TRIPLE (Flyball, 89XD)
Jesús Campos scores
Batting: LHB Tom Baker 0-0: Foul Ball, location: 2F
0-1: Foul Ball, location: 2F
0-2: Ball
1-2: Strikes out swinging
Batting: LHB Leonardo Medina 0-0: Ball
1-0: Swinging Strike
1-1: Ball
2-1: Swinging Strike
2-2: Strikes out swinging
Bottom of the 3rd over - 1 run(s), 2 hit(s), 0 error(s), 1 left on base; Plymouth 0 - Irvine 2
TOP OF THE 4TH
Plymouth Rocks batting - Pitching for Irvine Gang Green : LHP Masutaro Koyama
Batting: RHB Tadakuni Sugiyama 0-0: Ball
1-0: Foul Ball, location: 2F
1-1: Ball
2-1: Fly out, F5 (Popup, 15S)
Batting: LHB Roy Patrick 0-0: Called Strike
0-1: Ball
1-1: Ground out 5-3 (Groundball, 5L)
Batting: RHB José Flores 0-0: Foul Ball, location: 2F
0-1: Ball
1-1: Swinging Strike
1-2: Ball
2-2: Ball
3-2: Foul Ball, location: 2F
3-2: Strikes out looking
Top of the 4th over - 0 run(s), 0 hit(s), 0 error(s), 0 left on base; Plymouth 0 - Irvine 2
BOTTOM OF THE 4TH
Irvine Gang Green batting - Pitching for Plymouth Rocks : LHP Thomas Heath
Batting: RHB Oliver Hernández 0-0: Fly out, F8 (Flyball, 8LXD)
Batting: RHB Raúl Salas 0-0: Called Strike
0-1: Ball
1-1: Ground out 1-3 (Groundball, 15S)
Batting: RHB Aaron Wilson 0-0: Ball
1-0: Swinging Strike
1-1: Foul Ball, location: 2F
1-2: Ball
2-2: Foul Ball, location: 2F
2-2: Foul Ball, location: 2F
2-2: Ball
3-2: Ground out 5-3 (Groundball, 5)
Bottom of the 4th over - 0 run(s), 0 hit(s), 0 error(s), 0 left on base; Plymouth 0 - Irvine 2
TOP OF THE 5TH
Plymouth Rocks batting - Pitching for Irvine Gang Green : LHP Masutaro Koyama
Batting: RHB Jorge Jiménez 0-0: Ball
1-0: Called Strike
1-1: Called Strike
1-2: Ball
2-2: Strikes out swinging
Batting: RHB Jorge Márquez 0-0: Ground out 1-3 (Groundball, 25)
Batting: RHB Frederico Hernández 0-0: Foul Ball, location: 2F
0-1: Ground out 6-3 (Groundball, 6MS)
Top of the 5th over - 0 run(s), 0 hit(s), 0 error(s), 0 left on base; Plymouth 0 - Irvine 2
BOTTOM OF THE 5TH
Irvine Gang Green batting - Pitching for Plymouth Rocks : LHP Thomas Heath
Batting: LHB Tony Tavárez 0-0: Called Strike
0-1: Foul Ball, location: 2F
0-2: Foul Ball, location: 2F
0-2: Strikes out swinging
Batting: LHB Bill Murphy 0-0: DOUBLE (Line Drive, 5D)
Batting: LHB Jesús Campos 0-0: Called Strike
0-1: Called Strike
0-2: Ball
1-2: Ground out 6-3 (Groundball, 6)
Bill Murphy to third
Batting: RHB Manny Copriviza 0-0: Ball
1-0: Swinging Strike
1-1: Foul Ball, location: 2F
1-2: Strikes out swinging
Bottom of the 5th over - 0 run(s), 1 hit(s), 0 error(s), 1 left on base; Plymouth 0 - Irvine 2
TOP OF THE 6TH
Plymouth Rocks batting - Pitching for Irvine Gang Green : LHP Masutaro Koyama
Batting: LHB Frank Geddes 0-0: Called Strike
0-1: Ball
1-1: Ball
2-1: Foul Ball, location: 2F
2-2: Strikes out swinging
Batting: RHB Max Jones 0-0: Ball
1-0: Ball
2-0: Ball
3-0: Base on Balls
Batting: RHB Anthony Rucker 0-0: Called Strike
0-1: Ball
1-1: Ball
2-1: SINGLE (Groundball, 5L) (infield hit)
Max Jones to second
Batting: RHB Tadakuni Sugiyama 0-0: Reached on error, E4 (Groundball, 4M)
Max Jones to third
Anthony Rucker to second
Batting: LHB Roy Patrick 0-0: Fielders Choice at 2nd, 4-6 (Groundball, 34)
Max Jones scores
Anthony Rucker to third
Batting: RHB José Flores 0-0: Ball
1-0: Called Strike
1-1: Foul Ball, location: 2F
1-2: Foul Ball, location: 2F
1-2: Ball
2-2: Ball
3-2: Strikes out looking
Top of the 6th over - 1 run(s), 1 hit(s), 1 error(s), 2 left on base; Plymouth 1 - Irvine 2
BOTTOM OF THE 6TH
Irvine Gang Green batting - Pitching for Plymouth Rocks : LHP Thomas Heath
Batting: LHB Tom Baker 0-0: Called Strike
0-1: Ball
1-1: Ball
2-1: Ground out 4-3 (Groundball, 34)
Batting: LHB Leonardo Medina 0-0: Called Strike
0-1: Hit by Pitch
Batting: RHB Oliver Hernández 0-0: Called Strike
0-1: Swinging Strike
0-2: Ball
1-2: Ball
2-2: Ball
3-2: SINGLE (Groundball, 4D)
Leonardo Medina to second
Runner from 2nd tries for 3rd, SAFE, no throw or cutoff
Batting: RHB Raúl Salas 0-0: SINGLE (Line Drive, 56D)
Leonardo Medina scores
Oliver Hernández to second
Batting: RHB Aaron Wilson 0-0: Ball
1-0: Ball
Passed Ball!
Oliver Hernández to third
Raúl Salas to second
2-0: Called Strike
2-1: Ball
3-1: Ground out 1-3 (Groundball, 13)
Batting: LHB Tony Tavárez 0-0: Ball
1-0: Foul Ball, location: 2F
1-1: Fly out, F7 (Flyball, 78M)
Bottom of the 6th over - 1 run(s), 2 hit(s), 0 error(s), 2 left on base; Plymouth 1 - Irvine 3
TOP OF THE 7TH
Plymouth Rocks batting - Pitching for Irvine Gang Green : LHP Masutaro Koyama
Batting: RHB Jorge Jiménez 0-0: Called Strike
0-1: Called Strike
0-2: Strikes out swinging
Batting: RHB Jorge Márquez 0-0: Called Strike
0-1: Swinging Strike
0-2: Foul Ball, location: 2F
0-2: Strikes out swinging
Batting: RHB Frederico Hernández 0-0: Ball
1-0: Foul Ball, location: 2F
1-1: Ground out 5-3 (Groundball, 5S)
Top of the 7th over - 0 run(s), 0 hit(s), 0 error(s), 0 left on base; Plymouth 1 - Irvine 3
BOTTOM OF THE 7TH
Irvine Gang Green batting - Pitching for Plymouth Rocks : LHP Thomas Heath
Pitching: RHP Alberto Vásquez
Batting: LHB Bill Murphy 0-0: Ball
1-0: Ball
2-0: Swinging Strike
2-1: Foul Ball, location: 2F
2-2: Foul Ball, location: 2F
2-2: Foul Ball, location: 2F
2-2: Ball
3-2: Strikes out swinging
Batting: LHB Jesús Campos 0-0: Foul Ball, location: 2F
0-1: Ball
1-1: Fly out, F9 (Flyball, 9LS)
Batting: RHB Manny Copriviza 0-0: Called Strike
0-1: Ball
1-1: Ball
2-1: Swinging Strike
2-2: Foul Ball, location: 2F
2-2: Strikes out swinging
Bottom of the 7th over - 0 run(s), 0 hit(s), 0 error(s), 0 left on base; Plymouth 1 - Irvine 3
TOP OF THE 8TH
Plymouth Rocks batting - Pitching for Irvine Gang Green : LHP Masutaro Koyama
Batting: LHB Frank Geddes 0-0: Foul Ball, location: 2F
0-1: Foul Ball, location: 2F
0-2: Foul Ball, location: 2F
0-2: Strikes out swinging
Batting: RHB Max Jones 0-0: Called Strike
0-1: Ball
1-1: Swinging Strike
1-2: Ground out 5-3 (Groundball, 5S)
Batting: RHB Anthony Rucker 0-0: Ball
1-0: Ball
2-0: Ball
3-0: Called Strike
3-1: Foul Ball, location: 2F
3-2: Fly out, F5 (Line Drive, 5S)
Top of the 8th over - 0 run(s), 0 hit(s), 0 error(s), 0 left on base; Plymouth 1 - Irvine 3
BOTTOM OF THE 8TH
Irvine Gang Green batting - Pitching for Plymouth Rocks : RHP Alberto Vásquez
Batting: LHB Tom Baker 0-0: Called Strike
0-1: Ball
1-1: Ball
2-1: Foul Ball, location: 2F
2-2: Ball
3-2: Fly out, F7 (Flyball, 78S)
Batting: LHB Leonardo Medina 0-0: Ball
1-0: Ball
2-0: SINGLE (Line Drive, 9S)
Batting: RHB Oliver Hernández 0-0: Ball
1-0: Foul Ball, location: 2F
1-1: Foul Ball, location: 2F
1-2: Ball
2-2: Ball
Leonardo Medina steals 2nd base
3-2: Foul Ball, location: 2F
3-2: Foul Ball, location: 2F
3-2: Foul Ball, location: 2F
3-2: SINGLE (Line Drive, 7LS)
Leonardo Medina to third
Runner from 3rd tries for Home, SAFE, no throw or cutoff
Batting: RHB Raúl Salas 0-0: Ball
1-0: Called Strike
1-1: Ball
2-1: Foul Ball, location: 2F
2-2: Foul Ball, location: 2F
2-2: SINGLE (Groundball, 6MD)
Oliver Hernández to second
Pitching: RHP Pepe Vázquez
Batting: RHB Aaron Wilson 0-0: Called Strike
0-1: Ball
1-1: DOUBLE (Groundball, 3L)
Oliver Hernández scores
Raúl Salas to third
Batting: LHB Tony Tavárez 0-0: Swinging Strike
0-1: Foul Ball, location: 2F
0-2: Ball
1-2: Strikes out swinging
Batting: LHB Bill Murphy 0-0: Ball
1-0: Ball
2-0: Ball
Wild Pitch!
Raúl Salas scores
Aaron Wilson to third
3-0: Called Strike
3-1: Base on Balls
Batting: LHB Jesús Campos 0-0: Ball
1-0: Called Strike
1-1: Ball
2-1: Foul Ball, location: 2F
2-2: Ball
3-2: Fly out, F6 (Popup, 5L)
Bottom of the 8th over - 3 run(s), 4 hit(s), 0 error(s), 2 left on base; Plymouth 1 - Irvine 6
TOP OF THE 9TH
Plymouth Rocks batting - Pitching for Irvine Gang Green : LHP Masutaro Koyama
Batting: RHB Tadakuni Sugiyama 0-0: Ball
1-0: Swinging Strike
1-1: Foul Ball, location: 2F
1-2: Foul Ball, location: 2F
1-2: Foul Ball, location: 2F
1-2: Strikes out looking
Pitching: RHP Robert Powers
Batting: LHB Roy Patrick 0-0: Ground out 4-3 (Groundball, 34)
Batting: RHB José Flores 0-0: Ball
1-0: Called Strike
1-1: Ground out 5-3 (Groundball, 5S)
Top of the 9th over - 0 run(s), 0 hit(s), 0 error(s), 0 left on base; Plymouth 1 - Irvine 6
This league is powered by Out of the Park Baseball, the baseball management simulation game for PC, Mac and Linux
Tuesday, August 2nd, 2016 - OOTP Baseball 16.8 Build 38